Cogmind - Beta 16 @@@ ROGUE MODE // 2025.12.24 @ 15:24:04 Player: Foolatea Result: Destroyed by B-75 Beast with Magnetic Acceleration Cannon Performance ------------- Evolutions (1) 500 Regions Visited (5) 1000 Robots Destroyed (39) 195 Value Destroyed (978) 978 Prototype IDs (4) 80 Alien Tech Used (0) 0 Bonus (579) 579 TOTAL SCORE: 3332 Bonus ------- Follower Combat Kills 124 Met Imprinter 300 Was Imprinted 300 Friendly Fire -145 Cogmind --------- Core Integrity 0/400 Matter 187/300 Energy 100/100 System Corruption 0% Temperature Hot (241) Movement Core (1400) Ox27 Location -6/Proximity Caves Parts ------- > --- POWER (1) -------- (None) > --- PROPULSION (4) --- (None) > --- UTILITY (2) ------ Huge Storage Unit Improved Targeting Computer > --- WEAPON (2) ------- Advanced Beam Cannon > --- INVENTORY (25) --- Large Storage Unit Large Storage Unit High-capacity Storage Unit Large Battery (200) Weight Redist. System Improved Terrain Scanner Improved Targeting Computer Weapon Cycler ECM Suite ECM Suite Utility Shielding Utility Shielding Hardlight Generator Improved Medium Laser Improved Light Cannon Improved Light Cannon Datajack Heavy Hammer GAL Module Peak State ------------ > --- POWER ------------ Light Antimatter Reactor > --- PROPULSION ------- Aluminum Leg Aluminum Leg Aluminum Leg Improved Aluminum Leg > --- UTILITY ---------- Huge Storage Unit Improved Targeting Computer > --- WEAPON ----------- Advanced Beam Cannon Rocket Launcher > --- INVENTORY -------- Light Nuclear Core Aluminum Leg Aluminum Leg Makeshift Flight Unit Large Storage Unit Large Storage Unit High-capacity Storage Unit Large Battery Weight Redist. System Improved Terrain Scanner Improved Targeting Computer Weapon Cycler ECM Suite ECM Suite Utility Shielding Utility Shielding Hardlight Generator Improved Medium Laser Autogun Improved Light Cannon Improved Light Cannon Datajack Heavy Hammer GAL Module [Rating: 25] Favorites ----------- Power Light Ion Engine Engine Light Ion Engine Power Core Light Nuclear Core Reactor Light Antimatter Reactor Propulsion Aluminum Leg Treads Light Treads Leg Aluminum Leg Flight Unit Makeshift Flight Unit Utility Huge Storage Unit Device Seismic Detector Storage Huge Storage Unit Processor Improved Targeting Computer Protection Weapon Shielding Weapon Improved Light Cannon Energy Gun Medium Laser Energy Cannon Advanced Beam Cannon Ballistic Gun Light Assault Rifle Ballistic Cannon Improved Light Cannon Launcher Rocket Launcher Slashing Weapon Katana Build | -11 -10 -9 -9 -7 -6 ------- Run | Yrd Mat Mat Min Zio Pro Slots Evolved 2 | . . 2 . . . Power . | . . . . . . Propulsion 2 | . . 2 . . . Utility . | . . . . . . Weapon . | . . . . . . Parts Attached 51 | 7 13 23 2 . 6 Power 9 | 1 4 3 . . 1 Engine 7 | 1 3 3 . . . Core 1 | . 1 . . . . Reactor 1 | . . . . . 1 Propulsion 20 | 2 3 11 1 . 3 Treads 3 | . 3 . . . . Leg 16 | 2 . 11 1 . 2 Wheel . | . . . . . . Hover . | . . . . . . Flight 1 | . . . . . 1 Utility 8 | 2 4 2 . . . Device 2 | 1 1 . . . . Storage 3 | 1 2 . . . . Processor 1 | . . 1 . . . Hackware . | . . . . . . Protection 2 | . 1 1 . . . Artifact . | . . . . . . Weapon 14 | 2 2 7 1 . 2 Energy Gun 6 | 1 2 3 . . . Energy Cannon 1 | . . . . . 1 Ballistic Gun 3 | 1 . 1 . . 1 Ballistic Cannon 2 | . . 1 1 . . Launcher 1 | . . 1 . . . Special Weapon . | . . . . . . Impact Weapon . | . . . . . . Slashing Weapon 1 | . . 1 . . . Piercing Weapon . | . . . . . . Special Melee Weapon . | . . . . . . Unidentified Prototypes 2 | . . 1 . . 1 Parts Lost 29 | . 5 13 . . 11 Power 7 | . 2 3 . . 2 Propulsion 12 | . . 5 . . 7 Utility 2 | . 1 1 . . . Weapon 8 | . 2 4 . . 2 Highest Loss Streak 11 | . 2 5 . . 11 To Critical Strikes . | . . . . . . Average Backups 20 | 5 15 23 25 24 22 Power 2 | 1 2 1 2 2 1 Propulsion 3 | 1 3 4 3 2 2 Utility 10 | 1 6 12 14 13 13 Weapon 3 | 1 1 3 5 5 4 Tool/Special . | . . . . . . Unused Backups 31 | 1 4 6 1 3 16 Power 2 | . 1 . . . 1 Propulsion 4 | 1 2 . . 1 . Utility 18 | . . 3 . 2 13 Weapon 5 | . 1 2 1 . 1 Tool/Special 2 | . . 1 . . 1 Average Slot Usage (%) 97 | . 99 94 100 100 97 Engine 10 | . 13 8 11 11 1 Treads 5 | . 16 . . . . Leg 33 | . 10 43 44 44 42 Device 4 | . 11 1 . . . Storage 11 | . 13 11 11 11 11 Processor 6 | . . 5 11 11 11 Protection 1 | . 2 3 . . . Energy Gun 9 | . 20 11 5 . . Ballistic Gun 3 | . 7 3 . . . Ballistic Cannon 8 | . . 1 16 22 10 Peak Build Rating 25 | 7 10 19 17 18 25 Average Rating 13 | 5 8 14 16 16 22 On Entrance 11 | . 7 9 17 16 18 Avg Prop Armor Cover (%) . | . . . . . . Naked Turns . | . . . . . . Heaviest Build 100 | 12 91 91 91 91 100 Greatest Support 43 | 20 40 43 43 43 43 Greatest Overweight (x) 10 | . 4 3 2 2 10 Average Overweight (x) 1 | . 1 1 2 2 2 Largest Inventory Capacity 25 | 8 25 25 25 25 25 Average Capacity 23 | 7 21 25 25 25 25 Most Carried 25 | 7 25 25 25 25 25 Average Carried 21 | 5 15 23 24 24 23 Final Capacity 25 | 8 25 25 25 25 25 Final Carried 25 | 5 25 25 25 25 19 Class Distribution -------------------- 65% | Scavenger-Mutant 34% | Mutant Dominant Class ---------------- Mutant | -10/Materials Scavenger-Mutant | -9/Materials Scavenger-Mutant | -9/Mines Scavenger-Mutant | -7/Zion Scavenger-Mutant | -6/Proximity Caves Resources | -11 -10 -9 -9 -7 -6 ----------- Run | Yrd Mat Mat Min Zio Pro Matter Collected 905 | 280 230 305 25 24 41 Remotely . | . . . . . . Salvage Created 1209 | 111 484 523 33 . 58 Parts 89 | 5 41 34 6 . 3 Haulers Intercepted . | . . . . . . Recyclers Shooed 2 | . 2 . . . . Parts Field Recycled . | . . . . . . Retrieved Matter . | . . . . . . Parts Self-Destructed 3 | . . . . . 3 Prevented 4 | . . . . . 4 Parts Restored . | . . . . . . Kills | -11 -10 -9 -9 -7 -6 ------- Run | Yrd Mat Mat Min Zio Pro Combat Hostiles Destroyed 29 | . 13 11 4 . 1 Melee 2 | . . 2 . . . Guns 21 | . 13 8 . . . Cannons 2 | . . 1 1 . . AOE 4 | . . . 3 . 1 Classes Destroyed 9 | 2 5 2 . . . Worker 3 | . 3 . . . . Builder 2 | . 1 1 . . . Tunneler 2 | 1 . 1 . . . Recycler 1 | 1 . . . . . Watcher 2 | . 1 1 . . . Swarmer 10 | . 6 . 4 . . Grunt 13 | . 7 5 . . 1 Duelist 1 | . . 1 . . . Sentry 5 | . . 5 . . . Best Kill Streak 4 | 1 3 3 4 . 1 Combat Bots Only 4 | . 3 2 4 . 1 Max Kills in Single Turn 3 | 1 2 1 3 . 1 Gunslinging . | . . . . . . Exploded 3 | . . . 3 . 1 Melee 1 | . . 1 . . . Uniques/NPCs Destroyed . | . . . . . . Combat | -11 -10 -9 -9 -7 -6 -------- Run | Yrd Mat Mat Min Zio Pro Hostile Shots Fired 310 | . 120 112 16 . 62 Missed 84 | . 29 28 9 . 18 Hits 226 | . 91 84 7 . 44 Melee 5 | . . 5 . . . Projectile 221 | . 91 79 7 . 44 Critical Strikes 7 | . . 6 . . 1 Damage Taken 3345 | . 942 1245 54 . 1104 Core 578 | . 155 140 7 . 276 Absorbed by Shields . | . . . . . . Redirected to Shielding 52 | . . 52 . . . Regen/Repaired (Parts) 489 | . 461 28 . . . Core Remaining (%) 69 | 100 38 . . . . Volleys Fired 143 | 6 72 46 2 . 17 Largest 2 | 1 2 2 2 . 2 Hottest 112 | 40 90 112 66 . 101 Shots Fired 236 | 6 140 64 3 . 23 Gun 213 | 6 140 59 . . 8 Cannon 15 | . . 5 2 . 8 Launcher 8 | . . . 1 . 7 Special . | . . . . . . Kinetic 81 | . 49 22 2 . 8 Thermal 113 | . 63 42 . . 8 Explosive 8 | . . . 1 . 7 Electromagnetic 34 | 6 28 . . . . Robot Hit Streak 10 | 3 6 10 1 . 6 Robot Miss Streak 5 | 2 5 4 2 . 2 Penetration Max . | . . . . . . Secondary Targets . | . . . . . . Shots Hit Robots 126 | 4 61 46 1 . 14 Core Hits 70 | 3 30 21 4 . 12 Critical Kills . | . . . . . . Critical Parts Destroyed . | . . . . . . Critical Strikes 10 | . 6 4 . . . Burn 9 | . 6 3 . . . Sever 1 | . . 1 . . . Melee Attacks 8 | . . 8 . . . Impact . | . . . . . . Slashing 8 | . . 8 . . . Piercing . | . . . . . . Sneak Attacks . | . . . . . . Combat Hostiles . | . . . . . . Follow-up Attacks . | . . . . . . Damage Inflicted 2386 | 52 720 803 165 . 646 Guns 1403 | 52 707 560 . . 84 Cannons 152 | . . 42 20 . 90 Explosions 617 | . . . 145 . 472 Melee 194 | . . 194 . . . Ramming 20 | . 13 7 . . . Kinetic 439 | . 171 164 20 . 84 Thermal 913 | . 385 438 . . 90 Explosive 617 | . . . 145 . 472 Electromagnetic 203 | 52 151 . . . . Impact . | . . . . . . Slashing 194 | . . 194 . . . Piercing . | . . . . . . Highest Corruption . | . . . . . . Average Corruption . | . . . . . . Corruption Purged . | . . . . . . Corruption Blocked . | . . . . . . Overload Shots . | . . . . . . Overflow Damage 4 | . . 4 . . . Projectiles . | . . . . . . Explosions . | . . . . . . Melee 4 | . . 4 . . . Knockbacks 1 | . . 1 . . . Impact . | . . . . . . Kinetic 1 | . . 1 . . . Secondary . | . . . . . . Self-Inflicted Damage 74 | . . . . . 74 Shots 2 | . . . . . 2 Rammed 3 | . 3 . . . . Targets Rammed 6 | . 4 2 . . . Kicked 3 | . 1 2 . . . Crushed . | . . . . . . Highest Temperature 388 | . 265 133 . . 388 Average Temperature 58 | . 58 47 . . 82 Received Heat Transfer 1284 | . 375 471 . . 438 Siege Activations . | . . . . . . Martial Activations . | . . . . . . Shielding Activations . | . . . . . . Robots Disrupted . | . . . . . . Combat Hostiles . | . . . . . . Robots Corrupted . | . . . . . . Combat Hostiles . | . . . . . . Parts Fried 1 | . . . . . 1 Impact Corruptions . | . . . . . . Robots Melted . | . . . . . . Combat Hostiles . | . . . . . . Parts Melted 3 | . 1 2 . . . Heat Transferred 2988 | . 1591 1249 . . 148 Parts Sabotaged . | . . . . . . Parts Stolen . | . . . . . . Parts Stripped . | . . . . . . Power Chain Reactions . | . . . . . . Alert | -11 -10 -9 -9 -7 -6 ------- Run | Yrd Mat Mat Min Zio Pro Maximum Alert Level 1 | . . . 1 . . Low Security (%) 98 | 100 100 100 91 . . Level 1 1 | . . . 8 . . Level 2 . | . . . . . . Level 3 . | . . . . . . Level 4 . | . . . . . . Level 5 . | . . . . . . High Security . | . . . . . . Max Security . | . . . . . . Peak Influence 225 | 5 133 56 225 . . Initial 38 | . . 38 14 . . Average 32 | . 38 13 82 . . Influence Increases 1065 | 10 372 324 225 . 134 Destroy 0b10 Robot/C 640 | . 260 220 80 . 80 Destroy 0b10 Robot/NC 50 | 10 25 15 . . . Destroy Leader 154 | . 52 82 10 . 10 Allied During Kill 29 | . . . . . 29 Successful Hack 9 | . 5 4 . . . Disable Machine 105 | . . . 105 . . Destroy Structure 33 | . . 3 30 . . Lose Combat Pursuer 45 | . 30 . . . 15 Influence Decreases 1065 | 10 281 377 162 101 134 Entered New Map 178 | . . 53 24 101 . Time Decay 769 | 10 231 276 138 . 114 Lost Part 98 | . 50 48 . . . Lost Ally 20 | . . . . . 20 Squads Dispatched 5 | . 2 3 . . . Investigation 3 | . 1 2 . . . Extermination . | . . . . . . Reinforcement 2 | . 1 1 . . . Assault . | . . . . . . Garrison . | . . . . . . Intercept . | . . . . . . Searches Triggered . | . . . . . . Construction Impeded . | . . . . . . Haulers Reinforced . | . . . . . . Active Scanning Responses . | . . . . . . Cargo Convoy Interrupts . | . . . . . . Stealth | -11 -10 -9 -9 -7 -6 --------- Run | Yrd Mat Mat Min Zio Pro Distress Signals 1 | . . 1 . . . Communications Jammed . | . . . . . . Distress Signals . | . . . . . . Times Spotted 57 | . 30 18 4 . 5 Peak Tracking Total 5 | . 5 5 4 . 4 Tactical Retreats 3 | . 2 . . . 1 Traps | -11 -10 -9 -9 -7 -6 ------- Run | Yrd Mat Mat Min Zio Pro Traps Triggered 4 | . 3 1 . . . Indirectly . | . . . . . . Trap Hack Attempts . | . . . . . . Triggered . | . . . . . . Disarmed . | . . . . . . Reprogrammed . | . . . . . . Reused . | . . . . . . Traps Extracted . | . . . . . . Installed . | . . . . . . Triggered . | . . . . . . Machines | -11 -10 -9 -9 -7 -6 ---------- Run | Yrd Mat Mat Min Zio Pro Machines Disabled 7 | . . . 7 . . Max in Single Turn 7 | . . . 7 . . Machines Repaired . | . . . . . . Machines Dismantled . | . . . . . . Machines Sabotaged . | . . . . . . Overloaded Fab Kills . | . . . . . . Hacking | -11 -10 -9 -9 -7 -6 --------- Run | Yrd Mat Mat Min Zio Pro Machines Accessed 6 | . 4 2 . . . Terminals 3 | . 2 1 . . . Fabricators . | . . . . . . Repair Stations 2 | . 1 1 . . . Recycling Units 1 | . 1 . . . . Scanalyzers . | . . . . . . Garrison Access . | . . . . . . Total Hacks 17 | . 9 8 . . . Successful 10 | . 6 4 . . . Failed 7 | . 3 4 . . . Catastrophic 2 | . 1 1 . . . Database Lockouts . | . . . . . . Manual . | . . . . . . Terminals 6 | . 3 3 . . . Fabricators . | . . . . . . Repair Stations 10 | . 5 5 . . . Recycling Units 1 | . 1 . . . . Scanalyzers . | . . . . . . Garrison Access . | . . . . . . Terminal Hacks 2 | . 1 1 . . . Prototype ID Bank 1 | . 1 . . . . Locate Traps 1 | . . 1 . . . Fabricator Hacks . | . . . . . . Repair Station Hacks 7 | . 4 3 . . . Scan Component 4 | . 2 2 . . . Repair 3 | . 2 1 . . . Recycling Unit Hacks 1 | . 1 . . . . Report Inventory 1 | . 1 . . . . Scanalyzer . | . . . . . . Garrison Access Hacks . | . . . . . . Unauthorized Hacks . | . . . . . . Terminals . | . . . . . . Fabricators . | . . . . . . Repair Stations . | . . . . . . Recycling Units . | . . . . . . Scanalyzers . | . . . . . . Garrison Access . | . . . . . . Data Cores Recovered . | . . . . . . Used . | . . . . . . Hacking Detections 6 | . 4 2 . . . Full Trace Events 1 | . . 1 . . . Feedback Events . | . . . . . . Feedback Blocked . | . . . . . . Robot Schematics Acquired 3 | . . . . 3 . Robots Built . | . . . . . . Authchips . | . . . . . . Time . | . . . . . . Total Robot Build Rating . | . . . . . . Part Schematics Acquired 14 | . . . . 14 . Parts Built . | . . . . . . Authchips . | . . . . . . Time . | . . . . . . Total Part Build Rating . | . . . . . . Part Studies Acquired . | . . . . . . Parts Repaired 3 | . 2 1 . . . Time 117 | . 64 53 . . . Parts Recycled . | . . . . . . Recycled Matter . | . . . . . . Retrieved Matter . | . . . . . . Retrieved Components . | . . . . . . Parts Scanalyzed . | . . . . . . Part Schematics Acquired . | . . . . . . Parts Damaged . | . . . . . . Bothacking | -11 -10 -9 -9 -7 -6 ------------ Run | Yrd Mat Mat Min Zio Pro Used RIF Installer . | . . . . . . Robots Hacked . | . . . . . . Non-combat . | . . . . . . Combat . | . . . . . . Robot Hacks Applied . | . . . . . . Relay Couplers Released . | . . . . . . Fabnet Peak Effective % . | . . . . . . Robots Rewired . | . . . . . . Allies Hacked . | . . . . . . Hacks Repelled . | . . . . . . Allies | -11 -10 -9 -9 -7 -6 -------- Run | Yrd Mat Mat Min Zio Pro Total Allies 4 | . . . . 4 . Largest Group 4 | . . . . 4 4 Highest-Rated Group 154 | . . . . 154 154 Highest-Rated Ally 40 | . . . . 40 40 Total Orders . | . . . . . . Ally Attacks 29 | . . . . . 29 Total Damage 540 | . . . . . 540 Kills 3 | . . . . . 3 Allies Corrupted . | . . . . . . Allies Melted . | . . . . . . Intel | -11 -10 -9 -9 -7 -6 ------- Run | Yrd Mat Mat Min Zio Pro Active Infowar (turns) 2014 | 75 1672 267 . . . Seismic 1494 | 75 1419 . . . . ECM 520 | . 253 267 . . . Robot Analysis Total . | . . . . . . Derelict Logs Recovered 3 | . . . 1 2 . Drone Launches . | . . . . . . Drone Recoveries . | . . . . . . Exploration | -11 -10 -9 -9 -7 -6 ------------- Run | Yrd Mat Mat Min Zio Pro Turns Passed 6638 | 232 1994 1714 552 1672 474 Spaces Moved 2373 | 151 666 551 209 635 161 Core 16 | 14 2 . . . . Treads 318 | . 318 . . . . Legs 2038 | 137 346 551 209 635 160 Wheels . | . . . . . . Hover . | . . . . . . Flight 1 | . . . . . 1 Fastest Speed 50 | 50 120 190 260 260 260 Average Speed 246 | 113 244 259 260 260 265 Slowest Speed 965 | 120 480 330 260 260 965 Overloaded Moves . | . . . . . . Propulsion Burnouts . | . . . . . . Robots Hopped . | . . . . . . Potential Cave-ins . | . . . . . . Cave-ins Triggered . | . . . . . . Exploration Rate (%) 45 | 6 78 36 57 73 25 Regions Visited 5 Branch Regions 3 Pre-discovered Areas 2 | . . . 1 1 . Known Exits Taken . | . . . . . . Unknown Exits Taken 5 | 1 1 1 1 1 . Scrap Searched 2 | . . . 1 1 . Spaces Dug . | . . . . . . Terrain Destroyed 75 | . . 1 31 . 43 Melee . | . . . . . . Projectile 2 | . . 1 . . 1 AOE 73 | . . . 31 . 42 Terrain Rammed . | . . . . . . Walls Destroyed . | . . . . . . Machines Disabled . | . . . . . . Actions | -11 -10 -9 -9 -7 -6 --------- Run | Yrd Mat Mat Min Zio Pro Total 2936 | 206 900 763 216 659 192 Wait 216 | 27 86 84 . 19 . Move 2368 | 150 665 550 208 634 161 Hop . | . . . . . . Pick Up 84 | 13 41 25 1 3 1 Fast Attach 7 | . 5 2 . . . Attach 40 | 8 7 20 . . 5 Detach 6 | 1 2 3 . . . Swap 23 | . 7 8 3 . 5 Drop 35 | 1 11 15 2 3 3 Fire 143 | 6 72 46 2 . 17 Melee 8 | . . 8 . . . Ram . | . . . . . . Kick 3 | . 1 2 . . . Crush 3 | . 3 . . . . Escape Stasis . | . . . . . . Rewire . | . . . . . . Trap . | . . . . . . Miscellaneous . | . . . . . . Route ------- -11/Scrapyard -10/Materials (discovered 3 exits: *Mat / [*Min] / [*Sub]) -9/Materials (discovered 3 exits: [*Mat] / [*Min] / [*Sto]) -9/Mines (discovered 2 exits: [*Mat] / [*Zio]) -7/Zion -6/Proximity Caves History --------- Turn | Location | Event 13 | -11/Scrapyard | Discovered new exit (range 16) 233 | -11/Scrapyard | Entered Materials 287 | -10/Materials | Discovered new exit (range 9) 310 | -10/Materials | Build established: Mutant 624 | -10/Materials | Discovered new exit (range 10) 740 | -10/Materials | Repaired Huge Storage Unit 844 | -10/Materials | Repaired Lgt. Nuclear Core 1230 | -10/Materials | Discovered new exit (range 13) 1913 | -10/Materials | Core integrity fell below 50% 2227 | -10/Materials | Entered another Materials area 2227 | -9/Materials | Evolved 2 slots: Propulsion x2 2474 | -9/Materials | Discovered new exit (range 7) 2566 | -9/Materials | Build established: Scavenger-Mutant 2582 | -9/Materials | Lost 3 parts (1p2n) 3127 | -9/Materials | Lost 5 parts (2p1n1u1w) 3148 | -9/Materials | Discovered new exit (range 11) 3478 | -9/Materials | Repaired Broken Lgt. Nuclear Core 3526 | -9/Materials | Discovered new exit (range 11) 3941 | -9/Materials | Entered Mines 4080 | -9/Mines | Learned location of Zion (-7) 4153 | -9/Mines | A Derelict revealed a hidden shortcut to a safe place 4355 | -9/Mines | Discovered new exit (range 11) 4493 | -9/Mines | Entered Zion 4775 | -7/Zion | Learned Factory terminal intel 4939 | -7/Zion | Given A8's code to call for help 5088 | -7/Zion | Found GAL Module 5249 | -7/Zion | Met Imprinter 5351 | -7/Zion | Imprinted 5353 | -7/Zion | Declared Zion's savior 6121 | -7/Zion | Discovered new exit (range 10) 6165 | -7/Zion | Entered Proximity Caves 6165 | -6/Proximity Caves | Accompanied by 4 allies 6521 | -6/Proximity Caves | Spotted B-75 Beast 6569 | -6/Proximity Caves | Lost 3 allies 6581 | -6/Proximity Caves | Core integrity fell below 50% 6617 | -6/Proximity Caves | Core integrity fell below 20% 6639 | -6/Proximity Caves | Destroyed by B-75 Beast with Magnetic Acceleration Cannon Last Messages --------------- Knocked back. Imp. Aluminum Leg destroyed. Rocket Launcher destroyed. Aluminum Leg destroyed. Acquired 5 matter. The unstable cave ceiling collapses. Aluminum Leg destroyed. Knocked back. Acquired 1 matter. Critical hit (Meltdown: +330). Lgt. Nuclear Core destroyed. Autogun destroyed. Aluminum Leg destroyed. Drag warning: You are moving via airborne propulsion while non-airborne propulsion attached, which reduces your speed. See your non-airborne propulsion's Drag stat. Acquired 4 matter. Mak. Flight Unit destroyed. Aluminum Leg destroyed. Map ----- +----------------------------------------------------+ | ###????? ?# #####?# #??? #???????????????? | | ## ##??????## #?# #?? ##??????????????? | | #### #??????# #?# ### ##?????????????? | | #?## #??????# ### ###???????????? | | ### ##?????# #? ???????????? | | ## ##????# #???? #???????????? | | #???## ##???? #???????????? | | ##??# ### ##????? #???????????? | | ### #??# ### ######?## #???????????? | | ?## #??## ## ### ### ##??????????? | | ## #???## ### #??????????? | | # #?##????## ### #??????????? | | #????????## #?### #????????????? | | #######??## #???# ###### ##???? | | ## #??# #???# !% #???? | | ### #?# #???# BB = %[ #??? | | ??## ##?# #???## BB #" #??? | | ?#### ###??# #????###; # ??? | | ## ## ##????# ##???###; # ???? ##"" | | # #??# #?????# #??## ?????????? | | # ##??###?????# #####; ##???????????????? | | #####??????# #### % #?????????????????? | | # ######## ### % ##?????????????????? | | # ### ###; #??????????????????? | | ###?# ##;% % #??????????????????? | | # #??######### #; @### #??????????????????? | | # ##??????????## ########?###??????????????????? | | ?##????????????#####?????????????????????????????? | | ?????????????????????????????????????????????????? | | ?????????????????????????????????????????????????? | | ?????????????????????????????????????????????????? | | ?????????????????????????????????????????????????? | | ?????????????????????????????????????????????????? | | ?????????????????????????????????????????????????? | | ?????????????????????????????????????????????????? | | ?????????????????????????????????????????????????? | | ?????????????????????????????????????????????????? | | ?????????????????????????????????????????????????? | | ?????????????????????????????????????????????????? | | ?????????????????????????????????????????????????? | | ?????????????????????????????????????????????????? | | ?????????????????????????????????????????????????? | | ?????????????????????????????????????????????????? | | | | | | | | | | | | | | | +----------------------------------------------------+ Best States ------------- Heat Dissipation 28 Energy Generation 21 Energy Capacity 250 Matter Stores 300 Matter Capacity 300 Sight Range 16 Terrain Scan Density 10 ECM Strength 1 Armor Coverage 150 Weapon Shielding 33 Evasion (%) 55 Targeting Accuracy 6 Recoil Reduction 2 Item Schematics ----------------- Imp. Salvage Targeting Computer | -7/Zion | Archive Thermal Shield | -7/Zion | Archive Spear | -7/Zion | Archive Imp. Core Shielding | -7/Zion | Archive Matter Filter | -7/Zion | Archive Hvy. Laser | -7/Zion | Archive Imp. Recalibrator | -7/Zion | Archive Plasma Rifle | -7/Zion | Archive Wave Gun | -7/Zion | Archive Recalibrator | -7/Zion | Archive Imp. System Shield | -7/Zion | Archive Arm. Huge Wheel | -7/Zion | Archive Focal Shield | -7/Zion | Archive Hrd. Heavy Armor Plating | -7/Zion | Archive Robot Schematics ------------------ T-07 Excavator | -7/Zion | Archive A-02 Transporter | -7/Zion | Archive L-41 Fighter | -7/Zion | Archive Fabricated ------------ Nothing Repaired ---------- Huge Storage Unit | 27% | -10/Materials Lgt. Nuclear Core | 54% | -10/Materials Lgt. Nuclear Core | 44% | -9/Materials | Broken Studied --------- None Alien Tech Used ----------------- None Achievements -------------- Robot Respite The One Tourist Challenges ------------ None Game ------ Seed FortressNullBox Manual? 0 Play Time 01:26:09 Cumulative 4.5 hours Start 2025.12.24 @ 07:22:59 End 2025.12.24 @ 15:24:04 Sessions 3 Manual Loads 0 Difficulty Rogue Special Mode None Game No. 4 Rogue 4 Adventurer 0 Explorer 0 Win Type - Total 0 Types 0/0/0/0/0/0/0/0/0/0 Lore% 1 Gallery% 5 Achievement% 6 Wizard Run 0 Options --------- Layout 1 ASCII 0 Keyboard 0 Movement Mouse Keybinds 0 Fullscreen 1 Font 32/CogWide Map View 50x35 Zoom Use 92% Tactical HUD 0 Map Filters NONE Filters NONE Steam 1 RUN: 796ecf75-be74-40eb-a1fa-0919f905b7b4